Map: Abyssal Reef LE

Players

warlock - Winner!

  • Race: Protoss Protoss
  • League: Silver
  • Spawn Location: 5:00

Beemer

  • Race: Protoss Protoss
  • Spawn Location: 11:00

VOD

Have the link to the VOD?

Description

Time

  • Played on: March 4, 2017, 1:53 p.m.
  • Length: 4:56
Show
View Real Time Build Order
Export as new Build Order

warlock Protoss - Winner!

Build Orders:  

Get SALT Encoding   

  12  0:02  Probe (Chrono Boost)  
  13  0:13  Probe (Chrono Boost)  
  14  0:20  Pylon  
  14  0:24  Probe (Chrono Boost)  
  15  0:29  Assimilator  
  15  0:42  Gateway  
  15  0:46  Probe (Chrono Boost)  
  16  0:55  Assimilator  
  16  1:07  Pylon  
  16  1:10  Probe (Chrono Boost)  
  17  1:25  Gateway  
  17  1:31  Cybernetics Core  
  17  1:35  Probe (Chrono Boost)  
  18  1:41  Pylon  
  18  1:52  Probe (Chrono Boost)  
  19  2:02  Warp Gate  
  19  2:03  Probe (Chrono Boost)  
  19  2:08  Stalker  
  22  2:13  Stalker  
  26  2:30  Mothership Core (Chrono Boost)  
  26  2:49  Probe (Chrono Boost)  
  27  2:53  Stalker x2  
  31  3:01  Probe (Chrono Boost)  
  32  3:05  Pylon  
  33  3:13  Probe (Chrono Boost)  
  33  3:25  Probe (Chrono Boost)  
  34  3:42  Gateway  
  34  3:45  Twilight Council  
  34  4:07  Zealot x2  
Show
View Real Time Build Order
Export as new Build Order

Beemer Protoss 

Build Orders:  

Get SALT Encoding   

  12  0:02  Probe (Chrono Boost)  
  13  0:13  Probe (Chrono Boost)  
  14  0:19  Pylon  
  14  0:23  Probe (Chrono Boost)  
  15  0:37  Probe (Chrono Boost)  
  15  0:39  Gateway  
  16  0:48  Probe (Chrono Boost)  
  17  0:58  Probe (Chrono Boost)  
  17  0:59  Assimilator  
  17  1:03  Assimilator  
  18  1:09  Probe (Chrono Boost)  
  19  1:12  Gateway  
  19  1:30  Probe (Chrono Boost)  
  20  1:35  Cybernetics Core  
  20  1:41  Pylon  
  20  1:43  Pylon  
  20  1:46  Zealot  
  20  1:53  Probe (Chrono Boost)  
  23  2:03  Zealot  
  23  2:05  Probe (Chrono Boost)  
  26  2:14  Warp Gate  
  26  2:23  Mothership Core (Chrono Boost)  
  26  2:28  Stalker  
  30  2:34  Forge  
  30  2:42  Probe (Chrono Boost)  
  32  2:59  Probe (Chrono Boost)  
  32  3:13  Nexus  
  33  3:20  Probe (Chrono Boost)  
  33  3:22  Sentry x2  
  37  3:45  Pylon  
  37  3:46  Twilight Council  
  38  3:49  Probe (Chrono Boost)  
  38  3:59  Gateway  
  38  4:05  Probe (Chrono Boost)  
  40  4:17  Probe (Chrono Boost)  
  40  4:19  Pylon  
  40  4:29  Probe (Chrono Boost)  
  27  4:40  Stalker x2  
  27  4:42  Probe (Chrono Boost)  
Tags
 
League
Silver
Matchup
PvP
Spawn Locations
Cross Positions
Add a new tag
Caveats
  • Supply blocks, unpowered buildings, or Contaminate may cause inaccurate times.
  • Supply counts are checked every 10 seconds.